 Dungeon Crawl Stone Soup version 0.25.1-2-g60ff931df9 (webtiles) character file.

Game seed: 10884166830535278652

101 Capuchin the Skirmisher (level 4, 0/41 HPs)
             Began as a Hill Orc Fighter on Oct 31, 2020.
             Was an Initiate of Okawaru.
             Slain by an orc wizard
             ... wielding a +2 dagger of venom
              (4 damage)
             ... on level 3 of the Dungeon.
             The game lasted 00:07:20 (2130 turns).

Capuchin the Skirmisher (Hill Orc Fighter)          Turns: 2130, Time: 00:07:22

Health: 0/41       AC:  9    Str: 19    XL:     4   Next: 75%
Magic:  4/4        EV:  7    Int:  8    God:    Okawaru [......]
Gold:   150        SH:  9    Dex: 10    Spells: 3/3 levels left

rFire    . . .     SeeInvis .   a - +0 war axe
rCold    . . .     Gourm    .   c - +0 kite shield
rNeg     . . .     Faith    .   b - +0 scale mail
rPois    .         Spirit   .   (no helmet)
rElec    .         Reflect  .   m - +0 cloak
rCorr    .         Harm     .   j - +0 pair of gloves
MR       .....                  (no boots)
Stlth    ..........             (no amulet)
HPRegen  0.13/turn              (no ring)
MPRegen  0.09/turn              (no ring)

@: lethally poisoned (0 -> -21), slowed, very slow
A: no striking features
a: Renounce Religion


You were on level 3 of the Dungeon.
You worshipped Okawaru.
Okawaru was noncommittal.
You were not hungry.

You visited 1 branch of the dungeon, and saw 3 of its levels.

You collected 150 gold pieces.

Inventory:

Hand Weapons
 a - a +0 war axe (weapon)
Armour
 b - a +0 scale mail (worn)
 c - a +0 kite shield (worn)
 j - a +0 pair of gloves (worn)
 m - a +0 cloak (worn)
Scrolls
 e - a scroll of immolation {unknown}
 h - 3 scrolls of magic mapping {unknown}
 n - 3 scrolls of identify {unknown}
 p - 2 scrolls of teleportation {unknown}
 q - a scroll of remove curse {unknown}
 r - a scroll of amnesia {unknown}
 t - a scroll of blinking {unknown}
Potions
 d - 3 potions of might
 i - a potion of degeneration {unknown}
 k - 2 potions of curing
 l - 3 potions of heal wounds {unknown}
 o - a potion of flight {unknown}
 s - a potion of invisibility {unknown}
Comestibles
 f - 4 rations
 g - a chunk of flesh


   Skills:
 + Level 4.3 Fighting
 + Level 3.9 Axes
 + Level 4.0 Armour
 + Level 0.3 Dodging
 + Level 0.2 Stealth
 + Level 4.1 Shields


You had 3 spell levels left.
You didn't know any spells.
Your spell library was empty.

Dungeon Overview and Level Annotations

Branches:
Dungeon (3/15)

Altars:
Okawaru
Sif Muna
Xom


Message History

You feel very sick.
The orc wizard hits you with a +2 dagger of venom.
* * * LOW HITPOINT WARNING * * *
You are lethally poisoned!
You block the orc wizard's attack.
You closely miss the orc wizard.
The orc wizard is heavily wounded.
* * * LOW HITPOINT WARNING * * *
You feel very sick. The orc wizard closely misses you.
The orc wizard hits you but does no damage.
You are more poisoned.
You block the orc wizard's attack.
You hit the orc wizard.
The orc wizard is severely wounded.
* * * LOW HITPOINT WARNING * * *
You feel very sick. You block the orc wizard's attack.
The orc wizard hits you with a +2 dagger of venom.
You die...

o.. ..........#...
#.....#.#
..........รท(.#
#.......# ###.#....#####
#.#..#..# #.#....#
#.......# #.#....##
#.......# #.......#
#.#.....# #.#.....###
.......o#####.........##
#......@.()...#####.....
#.###...####..#####.#.##
.......####...........#
#####.##......####.#...
#.##.##.### #.#.#.
#.......# #.....
#.......# ##....
#....#.## .....#
#..#.#.# ###...#


You could see an orc wizard.

Vanquished Creatures
  A worker ant (D:3)
  An adder (D:2)
  An ooze (D:3)
  4 dart slugs
  A leopard gecko (D:1)
  4 orcs (D:3)
  A ball python (D:1)
  4 giant cockroaches
  5 hobgoblins
  6 jackals (D:2)
  2 kobolds
  2 bats
  3 frilled lizards
  7 goblins
  7 rats
49 creatures vanquished.

Notes
Turn   | Place    | Note
-------+----------+-------------------------------------------
     0 | D:1      | Capuchin the Hill Orc Fighter began the quest for the Orb.
     0 | D:1      | Reached XP level 1. HP: 19/19 MP: 1/1
   497 | D:1      | Reached XP level 2. HP: 27/27 MP: 2/2
  1077 | D:2      | Reached XP level 3. HP: 32/33 MP: 3/3
  1312 | D:2      | Reached XP level 4. HP: 40/40 MP: 4/4
  1548 | D:2      | Found a shimmering altar of Xom.
  1548 | D:2      | Found a shimmering blue altar of Sif Muna.
  1548 | D:2      | Found an iron altar of Okawaru.
  1564 | D:2      | Became a worshipper of Warmaster Okawaru
  2130 | D:3      | Slain by an orc wizard

Illustrated notes

Levels and vault maps discovered:
D:1:      eino_arrival_tree_alley, layout_basic, minmay_tree_intersection
D:2:      layout_loops_ring, gammafunk_temple_overflow_claw
D:3:      layout_loops_cross, minmay_ogre_servants, uniq_grinder, uniq_robin

Skill      XL: |  1  2  3  4 |
---------------+-------------+-----
Fighting       | 4 |  4.3
Axes           | 3 |  3.9
Armour         | 4 |  4.0
Shields        | 4 |  4.1
Dodging        | |  0.3
Stealth        | |  0.2

Action                   |  1- 3 |  4- 6 || total
-------------------------+-------+-------++-------
Melee: War axe           |   115 |    67 ||   182
  Eat: Chunk             |     1 |     3 ||     4
Armor: Scale mail        |    49 |    25 ||    74
Dodge: Dodged            |    38 |    18 ||    56
Block: Kite shield       |    51 |    42 ||    93
